 Dungeon Crawl Stone Soup version 0.18-a0-1311-g779ca93 (webtiles) character file.

47 Duffy the Ruffian (level 3, -4/31 HPs)
             Began as a Draconian Monk on Feb 13, 2016.
             Shot with a sling bullet by a goblin (8 damage)
             ... on level 3 of the Dungeon.
             The game lasted 00:00:52 (982 turns).

Duffy the Ruffian (Draconian Monk)                   Turns: 982, Time: 00:00:52

Health: -4/31      AC:  5    Str: 14    XL:     3   Next: 48%
Magic:  3/3        EV: 13    Int: 10    God:
Gold:   39         SH:  0    Dex: 13    Spells: 0 memorised, 2 levels left

rFire  + . .     SeeInvis .       - Unarmed
rCold  . . .     Gourm    .     (armour unavailable)
rNeg   . . .     Faith    .     (no shield)
rPois  .         Spirit   .     (helmet restricted)
rElec  .         Dismiss  .     (no cloak)
rCorr  .         Reflect  .     (no gloves)
SustAt .         Harm     .     (no boots)
MR     .....                    (no amulet)
Stlth  ++........               (no ring)
                                d - ring of protection from fire

@: not resistant to hostile enchantments, unstealthy
A: unfitting armour, cold-blooded, AC +5
a: no special abilities


You were on level 3 of the Dungeon.
You were not hungry.

You visited 1 branch of the dungeon, and saw 3 of its levels.

You collected 39 gold pieces.


Innate Abilities, Weirdness & Mutations

Your plain brown scales are hard (AC +5).
Your body does not fit into most forms of armour.
You are cold-blooded and may be slowed by cold attacks.


   Skills:
 - Level 3.2 Fighting
 - Level 2.6 Dodging
 - Level 1.7 Stealth
 + Level 5.3 Unarmed Combat


You had 2 spell levels left.
You didn't know any spells.

Inventory:

Jewellery
 d - a ring of protection from fire (left hand)
Scrolls
 h - a scroll of identify {unknown}
Potions
 b - a potion of berserk rage {unknown}
 c - a potion of haste {unknown}
 e - a potion of agility {unknown}
 g - a potion of curing {unknown}
Comestibles
 a - a bread ration
 f - a meat ration

Dungeon Overview and Level Annotations

Branches:
Dungeon (3/15)

Altars:
The Shining One

Annotations:
D:2 Natasha


Message History

HP restored. 2 orcs and an orc priest come into view.
The orc shouts!
An orc comes into view. It is wielding a mace of crushing.
There is a stone staircase leading up here.
A goblin comes into view. It is wielding a club.
A goblin is nearby!
The goblin unwields an uncursed club.
The goblin wields a hunting sling.
The goblin shoots a sling bullet.
The sling bullet misses you.
The goblin shoots a sling bullet.
The sling bullet closely misses you. The orc hits you with a flail.
The goblin shoots a sling bullet.
The sling bullet barely misses you.
The goblin shoots a sling bullet.
The sling bullet hits you.
You see here a sling bullet.
A bat comes into view.
You hit the orc but do no damage. The orc hits you with a flail!
You barely miss the orc. The bat hits you but does no damage.
The bat closely misses you. The orc hits you with a flail.
You hit the bat.
The bat is severely wounded.
The bat hits you but does no damage. The bat closely misses you.
You completely miss the bat.
The bat is severely wounded.
The bat barely misses you. The orc hits you with a flail.
You completely miss the bat.
The bat is severely wounded.
The bat misses you. The orc hits you with a flail.
You closely miss the bat.
The bat is severely wounded.
The bat hits you but does no damage. The orc hits you with a flail!
You hit the bat.
You kill the bat!
You hit the orc but do no damage.
The goblin shoots a sling bullet.
The sling bullet hits you!
You die...

#..# # #..# #.
#..######
#.##....g%.#
#.....## #@#
#......###o#
#...g.(...#
#....(#####
.##..#.########
.............o.#
..##..########.#
. #.. #.# #. #.#


You could see an orc and a goblin.

Action                   || total
-------------------------++-------
Melee: Unarmed           ||    59
 Stab: Sleeping          ||     1

Notes
Turn   | Place    | Note
--------------------------------------------------------------
     0 | D:1      | Duffy the Draconian Monk began the quest for the Orb.
     0 | D:1      | Reached XP level 1. HP: 19/19 MP: 1/1
   435 | D:2      | Reached XP level 2. HP: 26/26 MP: 2/2
   542 | D:2      | Found a glowing golden altar of the Shining One.
   746 | D:2      | Noticed Natasha
   756 | D:2      | Killed Natasha
   756 | D:2      | Reached skill level 5 in Unarmed Combat
   756 | D:2      | Reached XP level 3. HP: 17/31 MP: 3/3
   784 | D:2      | Noticed Natasha
   982 | D:3      | Shot with a sling bullet by a goblin

Vault maps used:
D:1:      nagdon_arrival_zigzag_paths
D:2:      tso_oasis_becter, first_bread, uniq_natasha
D:3:      trog_book

Vanquished Creatures
  Natasha
  2 worms
  2 hobgoblins
  3 kobolds
  A quokka
  2 bats
  2 goblins
  4 rats
17 creatures vanquished.
